 Dungeon Crawl Stone Soup version 0.29-a0-352-g0917bc69df (webtiles) character file.

Game seed: 8239846847584529485

54 bande the Shield-Bearer (level 3, 0/24 HPs)
             Began as a Gargoyle Fighter on Apr 24, 2022.
             Slain by a gnoll
             ... wielding a +0 whip
              (2 damage)
             ... on level 2 of the Dungeon.
             The game lasted 00:01:57 (1608 turns).

bande the Shield-Bearer (Gargoyle Fighter)          Turns: 1608, Time: 00:01:58

Health: 0/24       AC: 10    Str: 19    XL:     3   Next: 91%
Magic:  3/3        EV:  9    Int:  8    God:
Gold:   31         SH:  4    Dex: 11    Spells: 2/2 levels left

rFire   . . .      SeeInvis .   a - +0 war axe
rCold   . . .      Faith    .   c - +0 buckler
rNeg    + . .      Spirit   .   b - +0 scale mail
rPois   ∞          Reflect  .   (no helmet)
rElec   +          Harm     .   (no cloak)
rCorr   .          Rampage  .   (no gloves)
Will    .....                   (no boots)
Stlth   ..........              (no amulet)
HPRegen 0.08/turn               (no ring)
MPRegen 0.08/turn               (no ring)

@: no status effects
A: sickness immunity, AC +3, negative energy resistance 1, electricity
resistance, torment resistance 1, petrification resistance
a: no special abilities


You were on level 2 of the Dungeon.
You visited 1 branch of the dungeon, and saw 2 of its levels.

You collected 31 gold pieces.

Inventory:

Hand Weapons
 a - a +0 war axe (weapon)
Armour
 b - a +0 scale mail (worn)
 c - a +0 buckler (worn)
Scrolls
 f - a scroll of identify
Potions
 d - 2 potions of might
 i - 2 potions of heal wounds


   Skills:
 + Level 3.6 Fighting
 + Level 2.7 Axes
 + Level 3.7 Armour
 + Level 3.7 Shields


You had 2 spell levels left.
You didn't know any spells.
Your spell library was empty.

Dungeon Overview and Level Annotations

Branches:
Dungeon (2/15)

Altars:

Annotations:
D:2 1 runed translucent door, Crazy Yiuf


Innate Abilities, Weirdness & Mutations

You are immune to sickness and miasma.
Your stone body is resilient. (AC +3)
You are immune to poison.
You resist negative energy. (rN+)
You are resistant to electric shocks. (rElec)
You are resistant to unholy torment.
You are immune to petrification.


Message History

You kill the adder!
No target in view!
No target in view!
No target in view!
No target in view!
No target in view!
A gnoll comes into view. It is wielding a +0 whip.
A gnoll is nearby!
A gnoll is nearby!
The gnoll shouts!
You hit the gnoll.
The gnoll is heavily wounded.
A rat comes into view.
The gnoll hits you with a +0 whip.
You are too injured to fight recklessly!
You are too injured to fight recklessly!
You are too injured to fight recklessly!
You are too injured to fight recklessly!
You are too injured to fight recklessly!
You are too injured to fight recklessly!
You are too injured to fight recklessly!
You are too injured to fight recklessly!
You barely miss the gnoll.
The gnoll is heavily wounded.
The gnoll hits you but does no damage.
A gnoll comes into view. It is wielding a +0 whip.
The gnoll barely misses you.
You slash the gnoll!
You kill the gnoll!
The rat bites you but does no damage.
You see here a +0 whip.
The gnoll hits you with a +0 whip.
You slash the gnoll!
The gnoll is almost dead.
You hit the rat but do no damage.
A gnoll comes into view. It is wielding a +0 flail.
The gnoll hits you with a +0 whip!
* * * LOW HITPOINT WARNING * * *
The rat bites you but does no damage. x2; The gnoll hits you with a +0 whip.
You die...

#...†##.# ####...##
##.....## ##......^##
###### #^...^..^.##
.....###........g.#
.............>^......
...............^.#....
.......#..^....g@#....
.......##......r## ...
#####..###.....## ..
#..#####..##
####..(†..# #+###
#......##....#
#......##....#
###'#+###....#
#.#+###....#


You could see 2 gnolls and a rat.

Vanquished Creatures
  A gnoll (D:2)
  An adder (D:2)
  4 worms (D:2)
  3 endoplasms
  2 hobgoblins (D:1)
  A quokka (D:1)
  4 ball pythons (D:1)
  4 bats (D:1)
  A frilled lizard (D:1)
  3 rats
  A spectral kobold (D:1)
25 creatures vanquished.

Notes
Turn   | Place    | Note
-------+----------+-------------------------------------------
     0 | D:1      | bande the Gargoyle Fighter began the quest for the Orb.
     0 | D:1      | Reached XP level 1. HP: 14/14 MP: 1/1
   436 | D:1      | Reached XP level 2. HP: 19/19 MP: 2/2
   638 | D:1      | You fall into a shaft and drop 1 floor!
   652 | D:2      | Found a runed translucent door.
   653 | D:2      | Noticed Crazy Yiuf
  1179 | D:1      | Found a faded altar of an unknown god.
  1284 | D:1      | Reached XP level 3. HP: 23/23 MP: 3/3
  1608 | D:2      | Slain by a gnoll

Illustrated notes

Levels and vault maps discovered:
D:1:      ebering_trefoil_twist, layout_rooms,
          dreamdust_ecumenical_altar_drowned_temple
D:2:      layout_basic, nicolae_wormholes, uniq_crazy_yiuf_cottage

Skill      XL: |  1  2 |
---------------+-------+-----
Axes           | 2 |  2.7
Fighting       | |  3.6
Armour         | |  3.7
Shields        | |  3.7

Action                   || total
-------------------------++-------
Melee: War axe           ||   119
  Use: Scroll            ||     6
Armor: Scale mail        ||    76
Dodge: Dodged            ||    44
Block: Buckler           ||    27

Table legend: (Time is in decaauts)
 A = Elapsed time spent in this place.
 B = Non-inter-level travel time spent in this place.
 C = Inter-level travel time spent in this place.
 D = Time resting spent in this place.
 E = Time spent auto-exploring this place.
 F = Levels seen in this place.
 G = Mean time per level.
                   A        B        C        D        E       F      G
               +--------+--------+--------+--------+--------+-----+--------+
         Total |   1673 |   1625 |     48 |    240 |   1095 |   2 |  836.5 |
       Dungeon |   1673 |   1625 |     48 |    240 |   1095 |   2 |  836.5 |
               +--------+--------+--------+--------+--------+-----+--------+

Top non-repeatable levels by time:
     D:1: 1072 daAuts
     D:2: 600 daAuts
